PAAA
CALGARY LYNX @ MILTON DOGFISH HEAD
07/03/2025
 
TOP OF THE 1ST
Calgary Lynx batting - Pitching for Milton Dogfish Head : RHP Brandeis Göller
Pitching: RHP Brandeis Göller
Batting: LHB Ángel López 0-0: Called Strike
0-1: Ball
1-1: Foul Ball, location: 2F
1-2: Ball
2-2: Ball
3-2: Fly out, F8 (Line Drive, 8LS)
Batting: LHB Miguel Zúńiga 0-0: Ball
1-0: Ball
2-0: Ball
3-0: Called Strike
3-1: Fly out, F7 (Flyball, 7S)
Batting: RHB Hieu De 0-0: Called Strike
0-1: SINGLE (Groundball, 34D)
Batting: LHB Thomas Campbell 0-0: Ground out 6-3 (Groundball, 6S)
Top of the 1st over - 0 run(s), 1 hit(s), 0 error(s), 1 left on base; Calgary 0 - Milton 0
BOTTOM OF THE 1ST
Milton Dogfish Head batting - Pitching for Calgary Lynx : LHP Felipe Machado
Pitching: LHP Felipe Machado
Batting: RHB Juan Jose Ayala 0-0: Foul Ball, location: 2F
0-1: Swinging Strike
0-2: Ball
1-2: Strikes out looking
Batting: LHB Víctor Robledo 0-0: Ball
1-0: Swinging Strike
1-1: Called Strike
1-2: Foul Ball, location: 2F
1-2: Hit by Pitch
Batting: LHB Floyd Long 0-0: Called Strike
0-1: Swinging Strike
0-2: Ball
1-2: Strikes out swinging
Batting: RHB Fernando Silva 0-0: Ball
1-0: Foul Ball, location: 2F
1-1: SINGLE (Line Drive, 78S)
Víctor Robledo to second
Batting: RHB David Sánchez 0-0: Ball
1-0: Ball
2-0: Called Strike
2-1: Ball
3-1: Fly out, F7 (Flyball, 7)
Bottom of the 1st over - 0 run(s), 1 hit(s), 0 error(s), 2 left on base; Calgary 0 - Milton 0
TOP OF THE 2ND
Calgary Lynx batting - Pitching for Milton Dogfish Head : RHP Brandeis Göller
Batting: SHB Lowell Moon 0-0: Foul Ball, location: 2F
0-1: Ball
1-1: SINGLE (Groundball, 34D)
Batting: RHB Darren Tomlinson 0-0: Swinging Strike
0-1: Ball
Lowell Moon steals 2nd base
1-1: Ball
2-1: SINGLE (Flyball, 8RS)
Lowell Moon to third
Batting: RHB Elvis Larson 0-0: Ball
1-0: Ball
2-0: Foul Ball, location: 2F
2-1: Ball
3-1: Called Strike
3-2: Grounds into double play, 5-4-3 (Groundball, 5)
Lowell Moon scores
Batting: LHB Eugene Henson 0-0: Ball
1-0: Ball
2-0: Ground out 4-3 (Groundball, 4S)
Top of the 2nd over - 1 run(s), 2 hit(s), 0 error(s), 0 left on base; Calgary 1 - Milton 0
BOTTOM OF THE 2ND
Milton Dogfish Head batting - Pitching for Calgary Lynx : LHP Felipe Machado
Batting: LHB António Ramos 0-0: Ball
1-0: Ball
2-0: Ball
3-0: Base on Balls
Batting: RHB José Correa 0-0: Ball
1-0: Ball
2-0: Ball
3-0: Called Strike
3-1: Base on Balls
António Ramos to second
Batting: RHB Leonard James 0-0: Called Strike
0-1: Foul Ball, location: 2F
0-2: Ball
1-2: Fly out, F8 (Flyball, 8LD)
Runner from 2nd tags up, SAFE at 3rd, no throw
Batting: RHB José Rivera 0-0: Ball
José Correa is caught stealing 2nd base
1-0: Called Strike
1-1: Ground out 5-3 (Groundball, 5S)
Bottom of the 2nd over - 0 run(s), 0 hit(s), 0 error(s), 1 left on base; Calgary 1 - Milton 0
TOP OF THE 3RD
Calgary Lynx batting - Pitching for Milton Dogfish Head : RHP Brandeis Göller
Batting: LHB Dave Hebert 0-0: Called Strike
0-1: Ball
1-1: SINGLE (Groundball, P) (infield hit)
Batting: LHB Ángel López 0-0: Ball
1-0: Foul Ball, location: 2F
1-1: Fly out, F7 (Flyball, 7S)
Batting: LHB Miguel Zúńiga 0-0: Called Strike
0-1: Hit by Pitch
Dave Hebert to second
Batting: RHB Hieu De 0-0: Ball
1-0: Foul Ball, location: 2F
1-1: Ball
2-1: Called Strike
2-2: Ball
3-2: Foul Ball, location: 2F
3-2: Base on Balls
Dave Hebert to third
Miguel Zúńiga to second
Batting: LHB Thomas Campbell 0-0: Called Strike
0-1: Ball
1-1: Ball
2-1: Ball
3-1: Foul Ball, location: 2F
3-2: Base on Balls
Dave Hebert scores
Miguel Zúńiga to third
Hieu De to second
Batting: SHB Lowell Moon 0-0: Foul Ball, location: 2F
0-1: Swinging Strike
0-2: Strikes out looking
Batting: RHB Darren Tomlinson 0-0: Swinging Strike
0-1: Ball
1-1: Foul Ball, location: 2F
1-2: SINGLE (Line Drive, 8LS)
Miguel Zúńiga scores
Hieu De to third
Thomas Campbell to second
Runner from 3rd tries for Home, SAFE, no throw
Batting: RHB Elvis Larson 0-0: Ball
1-0: Fly out, F8 (Flyball, 8LM)
Top of the 3rd over - 3 run(s), 2 hit(s), 0 error(s), 2 left on base; Calgary 4 - Milton 0
BOTTOM OF THE 3RD
Milton Dogfish Head batting - Pitching for Calgary Lynx : LHP Felipe Machado
Batting: RHB Juan Jose Ayala 0-0: Called Strike
0-1: Foul Ball, location: 2F
0-2: Ball
1-2: Ball
2-2: Foul Ball, location: 2F
2-2: SINGLE (Line Drive, 78S)
Batting: LHB Víctor Robledo 0-0: Called Strike
0-1: Called Strike
0-2: Ball
1-2: Ball
2-2: SINGLE (Groundball, 34) (infield hit)
Juan Jose Ayala to second
Batting: LHB Floyd Long 0-0: Foul Ball, location: 2F
0-1: Ball
1-1: Ball
2-1: Grounds into double play, 4-6-3 (Groundball, 4)
Juan Jose Ayala to third
Batting: RHB Fernando Silva 0-0: Foul Ball, location: 2F
0-1: Ball
1-1: Ball
2-1: Swinging Strike
2-2: Ball
3-2: Foul Ball, location: 2F
3-2: Base on Balls
Batting: RHB David Sánchez 0-0: Ball
1-0: Ball
2-0: Ball
3-0: Called Strike
3-1: Fielders Choice at 2nd, 4-6 (Groundball, 4)
Bottom of the 3rd over - 0 run(s), 2 hit(s), 0 error(s), 1 left on base; Calgary 4 - Milton 0
TOP OF THE 4TH
Calgary Lynx batting - Pitching for Milton Dogfish Head : RHP Brandeis Göller
Batting: LHB Eugene Henson 0-0: Ground out U3 (Groundball, 3)
Batting: LHB Dave Hebert 0-0: Called Strike
0-1: Foul Ball, location: 2F
0-2: Ball
1-2: Ball
2-2: Strikes out swinging
Batting: LHB Ángel López 0-0: Foul Ball, location: 2F
0-1: Swinging Strike
0-2: Strikes out swinging
Top of the 4th over - 0 run(s), 0 hit(s), 0 error(s), 0 left on base; Calgary 4 - Milton 0
BOTTOM OF THE 4TH
Milton Dogfish Head batting - Pitching for Calgary Lynx : LHP Felipe Machado
Batting: LHB António Ramos 0-0: Called Strike
0-1: Called Strike
0-2: Foul Ball, location: 2F
0-2: Fly out, F8 (Flyball, 8LXD)
Batting: RHB José Correa 0-0: Ground out 6-3 (Groundball, 6)
Batting: RHB Leonard James 0-0: Ground out 5-3 (Groundball, 56)
Bottom of the 4th over - 0 run(s), 0 hit(s), 0 error(s), 0 left on base; Calgary 4 - Milton 0
TOP OF THE 5TH
Calgary Lynx batting - Pitching for Milton Dogfish Head : RHP Brandeis Göller
Batting: LHB Miguel Zúńiga 0-0: Called Strike
0-1: Called Strike
0-2: Fly out, F8 (Line Drive, 8LM)
Batting: RHB Hieu De 0-0: Ball
1-0: Ball
2-0: Foul Ball, location: 2F
2-1: Swinging Strike
2-2: Strikes out swinging
Batting: LHB Thomas Campbell 0-0: Ball
1-0: Foul Ball, location: 2F
1-1: Swinging Strike
1-2: SOLO HOME RUN (Flyball, 9D), Distance : 362 ft
Batting: SHB Lowell Moon 0-0: Ball
1-0: Called Strike
1-1: Foul Ball, location: 2F
1-2: SINGLE (Groundball, 34D)
Batting: RHB Darren Tomlinson 0-0: Ball
1-0: Called Strike
1-1: Swinging Strike
1-2: Ball
2-2: Foul Ball, location: 2F
2-2: Strikes out swinging
Top of the 5th over - 1 run(s), 2 hit(s), 0 error(s), 1 left on base; Calgary 5 - Milton 0
BOTTOM OF THE 5TH
Milton Dogfish Head batting - Pitching for Calgary Lynx : LHP Felipe Machado
Batting: RHB José Rivera 0-0: Ball
1-0: Foul Ball, location: 2F
1-1: Ground out 4-3 (Groundball, 4)
Batting: RHB Juan Jose Ayala 0-0: Called Strike
0-1: Ball
1-1: Ground out 4-3 (Groundball, 4M)
Batting: LHB Víctor Robledo 0-0: Ball
1-0: Ball
2-0: Ball
3-0: Called Strike
3-1: SINGLE (Flyball, 89S)
Batting: LHB Floyd Long 0-0: Called Strike
0-1: Ball
1-1: Fly out, F7 (Flyball, 7LMF)
Bottom of the 5th over - 0 run(s), 1 hit(s), 0 error(s), 1 left on base; Calgary 5 - Milton 0
TOP OF THE 6TH
Calgary Lynx batting - Pitching for Milton Dogfish Head : RHP Brandeis Göller
Pitching: RHP Roberto Cabrera
Batting: RHB Elvis Larson 0-0: Ground out 5-3 (Groundball, 56)
Batting: LHB Eugene Henson 0-0: Foul Ball, location: 2F
0-1: Ball
1-1: Called Strike
1-2: Ball
2-2: Strikes out looking
Batting: LHB Dave Hebert 0-0: Called Strike
0-1: Called Strike
0-2: Foul Ball, location: 2F
0-2: Ball
1-2: Strikes out swinging
Top of the 6th over - 0 run(s), 0 hit(s), 0 error(s), 0 left on base; Calgary 5 - Milton 0
BOTTOM OF THE 6TH
Milton Dogfish Head batting - Pitching for Calgary Lynx : LHP Felipe Machado
Batting: RHB Fernando Silva 0-0: Fly out, F8 (Flyball, 8LXD)
Batting: RHB David Sánchez 0-0: Ground out 6-3 (Groundball, 6)
Batting: LHB António Ramos 0-0: Fly out, F8 (Line Drive, 8LM)
Bottom of the 6th over - 0 run(s), 0 hit(s), 0 error(s), 0 left on base; Calgary 5 - Milton 0
TOP OF THE 7TH
Calgary Lynx batting - Pitching for Milton Dogfish Head : RHP Roberto Cabrera
Batting: LHB Ángel López 0-0: Called Strike
0-1: Ball
1-1: Called Strike
1-2: Ball
2-2: Ball
3-2: Strikes out looking
Batting: LHB Miguel Zúńiga 0-0: Ball
1-0: Fly out, F4 (Line Drive, 4)
Batting: RHB Hieu De 0-0: Ball
1-0: Ball
2-0: Ball
3-0: Called Strike
3-1: Foul Ball, location: 2F
3-2: Base on Balls
Batting: LHB Thomas Campbell 0-0: Called Strike
0-1: Ball
1-1: Foul Ball, location: 2F
1-2: Foul Ball, location: 2F
1-2: Fly out, F9 (Flyball, 89D)
Top of the 7th over - 0 run(s), 0 hit(s), 0 error(s), 1 left on base; Calgary 5 - Milton 0
BOTTOM OF THE 7TH
Milton Dogfish Head batting - Pitching for Calgary Lynx : LHP Felipe Machado
Batting: RHB José Correa 0-0: Ball
1-0: Ball
2-0: Called Strike
2-1: Ground out 5-3 (Groundball, 56)
Batting: RHB Leonard James 0-0: Ball
1-0: Called Strike
1-1: Foul Ball, location: 2F
1-2: Ball
2-2: Fly out, F8 (Flyball, 8RM)
Batting: RHB José Rivera 0-0: Ball
1-0: Called Strike
1-1: Ball
2-1: Swinging Strike
2-2: Ball
3-2: Foul Ball, location: 2F
3-2: Strikes out looking
Bottom of the 7th over - 0 run(s), 0 hit(s), 0 error(s), 0 left on base; Calgary 5 - Milton 0
TOP OF THE 8TH
Calgary Lynx batting - Pitching for Milton Dogfish Head : RHP Roberto Cabrera
Batting: SHB Lowell Moon 0-0: Ball
1-0: Ball
2-0: SINGLE (Groundball, 4MD)
Batting: RHB Darren Tomlinson 0-0: Ball
1-0: Swinging Strike
1-1: SINGLE (Groundball, 56S) (infield hit)
Lowell Moon to second
Batting: RHB Elvis Larson 0-0: Ball
1-0: Ball
2-0: Bunted foul
2-1: Ball
3-1: Sac Bunt - play at first, batter OUT! 2-4
Lowell Moon to third
Darren Tomlinson to second
Batting: LHB Eugene Henson 0-0: Ground out 6-3 (Groundball, 56)
Lowell Moon scores
Batting: LHB Dave Hebert 0-0: Fly out, F3 (Popup, 3)
Top of the 8th over - 1 run(s), 2 hit(s), 0 error(s), 1 left on base; Calgary 6 - Milton 0
BOTTOM OF THE 8TH
Milton Dogfish Head batting - Pitching for Calgary Lynx : LHP Felipe Machado
Batting: RHB Juan Jose Ayala 0-0: Foul Ball, location: 2F
0-1: Fly out, F8 (Flyball, 8RS)
Batting: LHB Víctor Robledo 0-0: Ball
1-0: Called Strike
1-1: Ground out 5-3 (Groundball, 56S)
Batting: LHB Floyd Long 0-0: Ball
1-0: Called Strike
1-1: Foul Ball, location: 2F
1-2: Ball
2-2: Ball
3-2: Foul Ball, location: 2F
3-2: SINGLE (Line Drive, 89S)
Pitching: LHP Adrian Neumann
Batting: RHB Fernando Silva 0-0: Ball
1-0: Swinging Strike
1-1: Ball
2-1: SINGLE (Line Drive, 7S)
Floyd Long to second
Batting: RHB David Sánchez 0-0: Foul Ball, location: 2F
0-1: Foul Ball, location: 2F
0-2: Foul Ball, location: 2F
0-2: Ball
1-2: Foul Ball, location: 2F
1-2: Foul Ball, location: 2F
1-2: Strikes out swinging
Bottom of the 8th over - 0 run(s), 2 hit(s), 0 error(s), 2 left on base; Calgary 6 - Milton 0
TOP OF THE 9TH
Calgary Lynx batting - Pitching for Milton Dogfish Head : RHP Roberto Cabrera
Pitching: RHP Jim Unknown
Batting: LHB Ángel López 0-0: Ground out 4-3 (Groundball, 4D)
Batting: LHB Miguel Zúńiga 0-0: Foul Ball, location: 2F
0-1: Fly out, F6 (Line Drive, 6)
Batting: RHB Hieu De 0-0: Ball
1-0: SOLO HOME RUN (Flyball, 9D), Distance : 367 ft
Batting: LHB Thomas Campbell 0-0: Ball
1-0: Ground out U3 (Groundball, 23)
Top of the 9th over - 1 run(s), 1 hit(s), 0 error(s), 0 left on base; Calgary 7 - Milton 0
BOTTOM OF THE 9TH
Milton Dogfish Head batting - Pitching for Calgary Lynx : LHP Adrian Neumann
Batting: LHB António Ramos 0-0: SOLO HOME RUN (Flyball, 89XD), Distance : 401 ft
Batting: RHB José Correa 0-0: Called Strike
0-1: Ball
1-1: Ball
2-1: Swinging Strike
2-2: Strikes out looking
Batting: RHB Leonard James 0-0: Called Strike
0-1: Ball
1-1: Ball
2-1: Ball
3-1: Swinging Strike
3-2: Foul Ball, location: 2F
3-2: Strikes out swinging
Batting: RHB José Rivera 0-0: Ball
1-0: Foul Ball, location: 2F
1-1: Ball
2-1: Called Strike
2-2: Ball
3-2: Strikes out looking
Bottom of the 9th over - 1 run(s), 1 hit(s), 0 error(s), 0 left on base; Calgary 7 - Milton 1
Friday, December 30th, 2016 - OOTP Baseball 17.12 Build 75